 Dungeon Crawl Stone Soup version 0.30-a0-377-g5cb311bc9f (webtiles) character file.

Game seed: 10510793821884063393

62 lesbiats the Conjurer (level 4, -1/45 HPs)
             Began as an Ogre Reaver on Dec 1, 2022.
             Succumbed to an adder's poison
             ... on level 2 of the Dungeon.
             The game lasted 00:04:50 (1301 turns).

lesbiats the Conjurer (Ogre Reaver)                 Turns: 1301, Time: 00:04:51

Health: -1/45      AC:  3    Str: 16    XL:     4   Next: 8%
Magic:  17/17      EV:  9    Int: 16    God:
Gold:   63         SH:  0    Dex:  7    Spells: 3/9 levels left

rFire   . . .      SeeInvis .    a - +0 mace
rCold   . . .      Faith    .    (no shield)
rNeg    . . .      Spirit   .    b - +0 robe
rPois   .          Reflect  .    (helmet restricted)
rElec   .          Harm     .    (no cloak)
rCorr   +          Rampage  .    (gloves unavailable)
Will    .....                    (boots unavailable)
Stlth   +.........               (no amulet)
HPRegen 0.27/turn                g - ring of resist corrosion
MPRegen 0.15/turn                i - ring of magical power

@: lethally poisoned (-1 -> -14), very slightly contaminated
A: large, unfitting armour, tough skin 1
a: no special abilities


You were on level 2 of the Dungeon.
You visited 1 branch of the dungeon, and saw 2 of its levels.

You collected 63 gold pieces.

Inventory:

Hand Weapons
 a - a +0 mace (weapon)
Armour
 b - a +0 robe (worn)
Jewellery
 g - a ring of resist corrosion (left hand)
 i - a ring of magical power (right hand)
Scrolls
 d - a scroll of fear {unknown}
 f - a scroll of magic mapping {unknown}
 h - a scroll of fog {unknown}
 k - a scroll of identify {unknown}
Potions
 c - 2 potions of curing {unknown}
 e - 2 potions of magic
 j - a potion of flight {unknown}
 l - a potion of lignification {unknown}


   Skills:
 + Level 3.3 Fighting
 + Level 3.0 Maces & Flails
 + Level 2.2 Dodging
 + Level 3.0 Spellcasting
 * Level 3.3 Conjurations


You had 3 spell levels left.
You knew the following spells:

 Your Spells              Type           Power      Damage    Failure   Level
a - Kiss of Death         Conj/Necr      28%        2d7       10%         1
b - Momentum Strike       Conj/Tloc      14%        3d8       14%         2
c - Hailstorm             Conj/Ice       7%         3d4       28%         3

Your spell library contained the following spells:

 Spells                   Type           Power      Damage    Failure   Level


Dungeon Overview and Level Annotations

Branches:
Dungeon (2/15)

Altars:


Innate Abilities, Weirdness & Mutations

You are too large for most types of armour.
You have tough skin. (AC +1)


Message History

Press: ? - help, Dir - move target, f/p - adder
Aim: an adder (almost dead, 48% to hit)
The concentrated momentum misses the adder.
You feel very sick. The adder barely misses you.
Unknown command.
Casting: Momentum Strike (safe; 14% risk of failure)
Confirm with . or Enter, or press ? or * to list all spells.
Aiming: Momentum Strike (safe; 14% risk of failure)
Press: ? - help, Dir - move target, f/p - adder
Aim: an adder (almost dead, 48% to hit)
You miscast Momentum Strike.
Nothing appears to happen.
You feel very sick. The adder bites you.
Unknown command.
Casting: Momentum Strike (safe; 14% risk of failure)
Confirm with . or Enter, or press ? or * to list all spells.
Aiming: Momentum Strike (safe; 14% risk of failure)
Press: ? - help, Dir - move target, f/p - adder
Aim: an adder (almost dead, 48% to hit)
The concentrated momentum misses the adder.
You feel sick. The adder bites you.
* * * LOW HITPOINT WARNING * * *
You are lethally poisoned!
The adder poisons you! The adder barely misses you.
You barely miss the adder.
The adder is almost dead.
* * * LOW HITPOINT WARNING * * *
You feel very sick. The adder bites you but does no damage.
You miss the adder.
The adder is almost dead.
* * * LOW HITPOINT WARNING * * *
You feel very sick. The adder bites you.
* * * LOW HITPOINT WARNING * * *
You are more poisoned.
The adder poisons you! The adder closely misses you.
It was a potion of magic.
Magic courses through your body.
You die...

#.# #.# #.# #.#
#.# #.# #S# #@#
#.################
#.................
#################.
#. #. #. #. #.


You could see an adder.

Vanquished Creatures
  2 adders (D:2)
  An endoplasm (D:1)
  4 giant cockroaches
  2 hobgoblins
  6 kobolds
  4 quokkas
  3 ball pythons
  7 bats
  7 goblins
  2 rats
38 creatures vanquished.

Vanquished Creatures (others)
  A dart slug (D:2)
1 creature vanquished.

Grand Total: 39 creatures vanquished

Notes
Turn   | Place    | Note
-------+----------+-------------------------------------------
     0 | D:1      | lesbiats the Ogre Reaver began the quest for the Orb.
     0 | D:1      | Reached XP level 1. HP: 22/22 MP: 3/3
    95 | D:1      | Reached XP level 2. HP: 28/29 MP: 5/5
   137 | D:1      | Learned a level 2 spell: Momentum Strike
   302 | D:1      | Reached XP level 3. HP: 12/32 MP: 7/7
  1047 | D:2      | Noticed a necrophage
  1153 | D:2      | Reached XP level 4. HP: 41/45 MP: 8/8
  1186 | D:2      | Learned a level 3 spell: Hailstorm
  1300 | D:2      | HP: 1/45 [adder (3)]
  1301 | D:2      | Succumbed to an adder's poison

Illustrated notes

Levels and vault maps discovered:
D:1:      ncdulo_lavacross, layout_rooms
D:2:      layout_basic, minmay_hedge_maze, lightli_corner_chamber

Skill      XL: |  1  2  3 |
---------------+----------+-----
Dodging        | 2 |  2.2
Fighting       | 3 |  3.3
Conjurations   | 3 |  3.3
Maces & Flails | 3 |  3.0
Spellcasting   | 3 |  3.0

Action                   |  1- 3 |  4- 6 || total
-------------------------+-------+-------++-------
Melee: Mace              |   129 |    11 ||   140
 Cast: Kiss of Death     |     2 |       ||     2
       Momentum Strike   |     1 |     2 ||     3
  Use: Potion            |       |     1 ||     1
Armor: Robe              |    64 |     5 ||    69
Dodge: Dodged            |    79 |     8 ||    87

Table legend: (Time is in decaauts)
 A = Elapsed time spent in this place.
 B = Non-inter-level travel time spent in this place.
 C = Inter-level travel time spent in this place.
 D = Time resting spent in this place.
 E = Time spent auto-exploring this place.
 F = Levels seen in this place.
 G = Mean time per level.
                   A        B        C        D        E       F      G
               +--------+--------+--------+--------+--------+-----+--------+
         Total |   1335 |   1295 |     40 |    180 |    769 |   2 |  667.5 |
       Dungeon |   1335 |   1295 |     40 |    180 |    769 |   2 |  667.5 |
               +--------+--------+--------+--------+--------+-----+--------+

Top non-repeatable levels by time:
     D:1: 679 daAuts
     D:2: 656 daAuts
